 Dungeon Crawl Stone Soup version 0.16.2-2-g470672f (webtiles) character file.

76901 hannobal the Spear-Bearer (level 15, -1/124 HPs)
             Began as a White Draconian Fire Elementalist on Sept 1, 2015.
             Was the Champion of Vehumet.
             Slain by a tengu warrior
             ... wielding a cursed -1 great mace
              (3 damage)
             ... on level 12 of the Dungeon.
             The game lasted 03:22:29 (39616 turns).

hannobal the Spear-Bearer (DrFE)                   Turns: 39616, Time: 03:22:30

Health: -1/124     AC: 17    Str: 14    XL:     15   Next: 13%
Magic:  6/40       EV:  2    Int: 20    God:    Vehumet [******]
Gold:   230        SH:  0    Dex: 11    Spells: 9 memorised, 2 levels left

rFire  . . .     SeeInvis +     b - +4 demon trident (elec)
rCold  + . .     Clarity  .     (armour unavailable)
rNeg   + + +     SustAb   .     Y - +0 buckler
rPois  ∞         Gourm    .     P - +1 hat
rElec  .         Spirit   .     W - +0 cloak
rCorr  +         Warding  .     Z - +2 pair of gloves {Str+3}
rMut   .         Stasis   .     C - +2 pair of boots
MR     +....                    d - amulet of resist corrosion
Stlth  ++........               n - ring of see invisible
                                v - ring of magical power

@: petrified, somewhat resistant to hostile enchantments, unstealthy
A: breathe frost, unfitting armour, cold resistance 1, deformed body, dopey 1,
low mp 1, no device heal 1, cold-blooded, AC +9
a: Breathe Frost, Renounce Religion


You were on level 12 of the Dungeon.
You worshipped Vehumet.
Vehumet was exalted by your worship.
You were hungry.

You visited 4 branches of the dungeon, and saw 25 of its levels.
You also visited: Labyrinth.

You collected 3133 gold pieces.
You spent 2903 gold pieces at shops.

Inventory:

Hand weapons
 a - the +0 trident of the Little People {drain, rElec rC+ Int+4}
   (You found it in a labyrinth)

   A truly terrible weapon, it drains the life of those it strikes.
   It affects your intelligence (+4).
   It protects you from cold.
   It insulates you from electricity.
 b - a +4 demon trident of electrocution (weapon)
Missiles
 h - 5 steel javelins (quivered)
 j - 6 steel tomahawks
 y - 8 tomahawks of returning
Armour
 C - a +2 pair of boots (worn)
 P - a +1 hat (worn)
 W - a +0 cloak (worn)
 Y - a +0 buckler (worn)
 Z - a +2 pair of gloves of strength (worn)
Rods
 q - a +5 rod of ignition (11/11)
   (You found it in a labyrinth)
Jewellery
 d - an amulet of resist corrosion (around neck)
 g - an uncursed ring of teleportation
 k - an uncursed amulet of stasis
 m - the ring of Metawuon {+Blink rF+ rC+ Int+2}
   (You found it in a labyrinth)

   [ring of protection from cold]

   It affects your intelligence (+2).
   It protects you from fire.
   It protects you from cold.
   It lets you blink.
 n - a ring of see invisible (right hand)
 p - the ring of Mnewobie {rF+ Str+3}
   (You found it in a labyrinth)

   [ring of strength]

   It affects your strength (+3).
   It protects you from fire.
 s - a cursed ring of protection from magic
 v - a ring of magical power (left hand)
Magical devices
 w - a wand of enslavement (4)
 E - a wand of confusion (15)
 F - a wand of digging (14)
 V - a wand of disintegration (4)
Scrolls
 e - a scroll of blinking
 i - 3 scrolls of identify
 o - 6 scrolls of teleportation
 r - 7 scrolls of remove curse
 u - a scroll of amnesia
 T - 3 scrolls of recharging
Potions
 G - 10 potions of curing
 H - 4 potions of brilliance
 L - 2 potions of might
 N - a potion of haste
 Q - a potion of magic
 S - 4 potions of resistance
 U - 2 potions of heal wounds
Miscellaneous
 f - a box of beasts
 B - a disc of storms
Comestibles
 c - 15 bread rations {@e1}
 l - 8 meat rations {@e2}
 t - 8 chunks of flesh {@w0}
 K - 4 beef jerkies


   Skills:
 - Level 9.0 Fighting
 - Level 14.0 Polearms
 - Level 5.3 Dodging
 - Level 1.7 Stealth
 + Level 4.0 Shields
 - Level 13.0 Spellcasting
 - Level 11.3 Conjurations
 - Level 1.0 Charms
 - Level 1.1 Necromancy
 - Level 6.3 Fire Magic
   Level 5.0 Ice Magic
 - Level 4.1 Earth Magic
 - Level 2.4 Poison Magic
 - Level 2.5 Evocations


You had 2 spell levels left.
You knew the following spells:

 Your Spells              Type           Power        Failure   Level  Hunger
a - Animate Skeleton      Necr           N/A          3%          1    None
b - Iskenderun's Battles  Conj/Chrm      #####...     4%          5    ####...
c - Conjure Flame         Conj/Fire      #####...     1%          3    None
d - Sticky Flame          Conj/Fire      #####...     1%          4    None
e - Olgreb's Toxic Radia  Pois           ###.....     5%          4    None
f - Fireball              Conj/Fire      #####.....   1%          5    ####...
m - Bolt of Magma         Conj/Fire/Erth #####.....   2%          5    ####...
o - Orb of Destruction    Conj           ######....   12%         7    #######
z - Iskenderun's Mystic   Conj           ######..     1%          4    None


Dungeon Overview and Level Annotations

Branches:
Dungeon (12/15)            Temple (1/1) D:4            Lair (8/8) D:9
 Shoals (0/5) Lair:3       Spider (0/5) Lair:6        Slime (0/6) Lair:6
    Orc (4/4) D:11            Elf (0/3) Orc:4

Altars:
Ashenzari
Cheibriados
Dithmenos
Elyvilon
Fedhas
Gozag
Kikubaaqudgha
Makhleb
Nemelex Xobeh
Okawaru
Qazlal
Ru
Sif Muna
Trog
Vehumet
Xom
Yredelemnul
Zin
The Shining One

Shops:
D:8 (   Orc:3 *   Orc:4 :*[(


Innate Abilities, Weirdness & Mutations

You can breathe waves of freezing cold.
You can buffet flying creatures when you breathe cold.
Your icy white scales are hard (AC +9).
Your body does not fit into most forms of armour.
Your flesh is cold resistant.
Your cold-blooded metabolism reacts poorly to cold.
Your body is misshapen.
You are dopey. (Int -2)
Your magical capacity is low (-10% MP).
Potions and wands are less effective at restoring your health.


Message History

The tengu warrior hits you with a great mace.
* * * LOW HITPOINT WARNING * * *
The tengu warrior completely misses you.
The tengu warrior claws you!
* * * LOW HITPOINT WARNING * * *
The troll bites you!
* * * LOW HITPOINT WARNING * * *
The troll claws you!
* * * LOW HITPOINT WARNING * * *
The troll claws you but does no damage.
The crimson imp hits you but does no damage.
The fire drake breathes flames at you. The blast of flame hits you!
The fire drake bites you.
* * * LOW HITPOINT WARNING * * *
The troll bites you but does no damage. The troll claws you but does no damage.
The troll claws you but does no damage.
The crimson imp hits you but does no damage.
The tengu warrior hits you with a great mace.
You die...

#.....Z.Z.#........#
#.###.#####........# #.#
#.........## # ####.# #.........#
#.##...Z# #.........# ..... .
#)C§(#### #.........##.......
8.....##)######.........##.......
...#......W..HQ........##.......
.. #.....####lT@................
#........H.k.5......#........
#.##...#.)..........#........ ...
##....############........
..#..##.#.## ##.....)..
..........####### ##....<<...
............#...#####..########
..#####.........##...##
#.............###


You could see a griffon, a tengu warrior, a hippogriff, a troll, a basilisk, a
fire drake shaped shifter, a shadow and a crimson imp.

Vanquished Creatures
  An orc warlord (Orc:4)
  An ettin (Orc:4)
  A minotaur (Lab)
  Josephine (D:11)
  Harold (Orc:4)
  The ghost of Charly the Bludgeoner, an experienced OgSk of Ashenzari (D:8)
  6 hydras
  Erica (Orc:4)
  A centaur warrior (D:12)
  An ogre mage (D:12)
  3 catoblepae
  9 death yaks
  2 unseen horrors
  5 skeletal warriors (D:11)
  2 hill giants
  Erolcha (Orc:4)
  5 orc knights
  A deep elf conjurer (Orc:4)
  3 manticores
  3 orc sorcerers
  A faun (Lair:3)
  2 griffons
  13 elephants
  5 black mambas
  A centaur skeleton (D:11)
  8 spiny frogs
  Psyche (D:9)
  7 komodo dragons
  3 fire drakes
  A kobold demonologist (D:11)
  The ghost of North the Cudgeler, an experienced GrFi (D:4)
  5 wandering mushrooms (Lair:4)
  A jumping spider (Lair:6)
  7 trolls
  A polar bear (Lair:1)
  3 two-headed ogres
  Grinder (D:4)
  A boulder beetle (Lair:8)
  4 slime creatures (D:12)
  6 blink frogs
  A trapdoor spider (D:10)
  2 basilisks (Lair:8)
  5 wraiths (D:11)
  2 wyverns
  33 yaks
  3 wargs
  3 hungry ghosts
  11 wolves
  17 hippogriffs
  Edmund (D:4)
  6 porcupines
  2 mottled dragons
  23 water moccasins
  33 orc warriors
  5 ice beasts
  The ghost of Charly the Chopper, an average HOBe of Trog (D:6)
  14 ogres
  A black bear (D:6)
  A centaur (D:6)
  2 sky beasts
  An eye of draining (D:11)
  2 phantoms
  A big kobold (D:9)
  The ghost of North the Skirmisher, an average GrFi (D:3)
  Duvessa (D:4)
  12 crocodiles
  Blork the orc (D:4)
  18 giant frogs
  5 scorpions
  A vampire bat (Lair:6)
  9 killer bees
  5 jellies
  12 electric eels
  A quasit (D:8)
  Dowan (D:4)
  2 goliath beetles
  9 crimson imps
  19 orc priests
  30 orc wizards
  11 iguanas
  11 hounds
  4 worker ants
  A basilisk skeleton (Lair:8)
  A killer bee zombie (D:4)
  31 sheep
  Ijyb (D:7)
  4 hound zombies
  A hound skeleton (D:6)
  2 mummies
  A worker ant zombie (D:7)
  42 river rats
  3 shadow imps
  30 adders
  A giant mite (D:5)
  6 gnolls
  A worm (D:6)
  2 adder skeletons
  11 orc skeletons
  2 sheep skeletons (Lair:8)
  An ooze (D:2)
  184 orcs
  3 ball pythons
  A bat skeleton (D:5)
  A bat zombie (D:4)
  4 giant cockroaches
  A gnoll skeleton (D:11)
  15 goblins
  30 hobgoblins
  32 jackals
  21 kobolds
  13 quokkas
  22 bats
  6 giant geckos
  5 giant newts
  2 giant spores
  A hobgoblin skeleton (Orc:4)
  11 rats
  3 river rat skeletons (Lair:8)
  9 ballistomycetes
  6 fungi
  2 plants (Lair:7)
957 creatures vanquished.

Vanquished Creatures (collateral kills)
  An unseen horror (D:11)
  A lindwurm (Lair:8)
  A hill giant (D:11)
  2 orc sorcerers
  A manticore (Lair:8)
  An elephant (Lair:8)
  A fire drake (Lair:8)
  2 trolls
  A deep elf mage (D:11)
  A hungry ghost (D:11)
  2 orc warriors (Orc:4)
  An orc priest (D:11)
  A hound (D:11)
  An orc wizard (Orc:1)
  A killer bee zombie (D:11)
  A hound skeleton (D:11)
  19 orcs
  3 hobgoblins (D:11)
  A quokka (D:10)
  A fungus (Orc:4)
43 creatures vanquished.

Vanquished Creatures (others)
  A komodo dragon (Lair:8)
  A death yak skeleton (Lair:8)
  An ettin skeleton (Orc:4)
  A hill giant skeleton (D:11)
  A sky beast (D:8)
  A spiny frog skeleton (Lair:8)
  A human skeleton (Orc:4)
  An elephant skeleton (Lair:8)
  A manticore skeleton (D:11)
  A wyvern skeleton (D:11)
  A jelly (D:8)
  A yak skeleton (Lair:8)
  A troll skeleton (Orc:4)
  An orc wizard (D:8)
  A giant frog skeleton (D:8)
  2 worker ants (D:8)
  A hound zombie (D:11)
  An ogre skeleton (Orc:4)
  An adder (D:7)
  4 sheep skeletons (Lair:8)
  6 electric eel skeletons (D:11)
  5 orcs
  2 jackals (D:7)
  2 giant spores
  A goblin skeleton (Orc:3)
  6 hobgoblin skeletons
  21 orc skeletons
  4 river rat skeletons (Lair:8)
  34 fungi
  7 plants
112 creatures vanquished.

Grand Total: 1112 creatures vanquished

Notes
Turn   | Place    | Note
--------------------------------------------------------------
     0 | D:1      | hannobal, the Draconian Fire Elementalist, began the quest for the Orb.
     0 | D:1      | Reached XP level 1. HP: 14/14 MP: 3/3
   623 | D:1      | Reached XP level 2. HP: 20/20 MP: 2/4
   630 | D:1      | Learned a level 2 spell: Throw Flame
  1027 | D:2      | Reached XP level 3. HP: 26/26 MP: 1/6
  1429 | D:2      | Found a blossoming altar of Fedhas.
  2187 | D:3      | Noticed North's ghost (average GrFi)
  2715 | D:3      | Reached XP level 4. HP: 33/33 MP: 5/7
  2744 | D:3      | Learned a level 4 spell: Sticky Flame
  2890 | D:3      | Reached skill level 4 in Conjurations
  3520 | D:4      | Noticed Blork the orc
  4226 | D:4      | Reached XP level 5. HP: 32/38 MP: 0/9
  4335 | D:4      | Killed Blork the orc
  4661 | D:4      | Noticed a phantom
  4667 | D:4      | Noticed North's ghost (experienced GrFi)
  4925 | D:4      | Reached XP level 6. HP: 39/45 MP: 7/12
  5144 | D:4      | Reached skill level 5 in Conjurations
  5151 | D:4      | Learned a level 3 spell: Conjure Flame
  5260 | D:4      | Reached skill level 1 in Fighting
  5539 | D:4      | Noticed Edmund
  5589 | D:4      | Killed Edmund
  5589 | D:4      | Reached skill level 5 in Fire Magic
  5661 | D:4      | Noticed Duvessa
  5661 | D:4      | Noticed Dowan
  5669 | D:4      | Killed Duvessa
  5669 | D:4      | Your scales start taking on an icy white colour.
  5669 | D:4      | Gained mutation: Your flesh is cold resistant. [draconian maturity]
  5669 | D:4      | Reached XP level 7. HP: 42/52 MP: 3/15
  5670 | D:4      | Killed Dowan
  5812 | D:4      | Found a staircase to the Ecumenical Temple.
  5818 | Temple   | Entered the Ecumenical Temple
  6078 | D:4      | Noticed Grinder
  6089 | D:4      | Killed Grinder
  6089 | D:4      | Reached skill level 5 in Spellcasting
  6111 | D:4      | Learned a level 5 spell: Fireball
  6226 | D:4      | Killed North's ghost
  6226 | D:4      | Reached skill level 6 in Conjurations
  6226 | D:4      | Reached XP level 8. HP: 32/59 MP: 14/20
  6412 | D:5      | Entered Level 5 of the Dungeon
  6643 | D:5      | Reached skill level 7 in Conjurations
  6737 | D:5      | Found a radiant altar of Vehumet.
  6737 | D:5      | Found a shimmering altar of Xom.
  6740 | D:5      | Became a worshipper of Vehumet
  7055 | D:5      | Learned a level 3 spell: Stone Arrow
  7205 | D:5      | Found a glowing golden altar of the Shining One.
  7211 | D:5      | Reached skill level 1 in Earth Magic
  7299 | D:5      | Gained mutation: Scrolls take you a little longer to read. [potion of mutation]
  7299 | D:5      | Gained mutation: You can breathe flames. [potion of mutation]
  7299 | D:5      | Gained mutation: You are clumsy. (Dex -2) [potion of mutation]
  7582 | D:6      | Found a sparkling altar of Nemelex Xobeh.
  7813 | D:6      | Acquired Vehumet's first power
  7813 | D:6      | Offered knowledge of Sting by Vehumet.
  7919 | D:6      | Found Psousing's Magic Scroll Emporium.
  7943 | D:6      | Bought a scroll of identify for 20 gold pieces
  7943 | D:6      | Bought a scroll of identify for 20 gold pieces
  7943 | D:6      | Bought a scroll of teleportation for 30 gold pieces
  7943 | D:6      | Bought 2 scrolls of identify for 40 gold pieces
  7943 | D:6      | Bought a scroll of remove curse for 30 gold pieces
  7943 | D:6      | Bought a scroll of identify for 20 gold pieces
  7943 | D:6      | Bought a scroll of remove curse for 30 gold pieces
  7943 | D:6      | Bought a scroll of teleportation for 30 gold pieces
  7943 | D:6      | Bought a scroll of immolation for 35 gold pieces
  7997 | D:6      | Noticed Charly's ghost (average HOBe)
  8000 | D:6      | Killed Charly's ghost
  8000 | D:6      | Reached XP level 9. HP: 47/64 MP: 9/23
  8103 | D:6      | Found a sacrificial altar of Ru.
  8634 | D:6      | Bought a scroll of amnesia for 35 gold pieces
  9231 | D:6      | Offered knowledge of Throw Frost by Vehumet.
  9702 | D:7      | Found a sparkling altar of Nemelex Xobeh.
  9792 | D:7      | Reached skill level 8 in Spellcasting
 10159 | D:7      | Noticed Ijyb
 10166 | D:7      | Killed Ijyb
 10564 | D:8      | Noticed Charly's ghost (experienced OgSk)
 10576 | D:8      | Killed Charly's ghost
 10576 | D:8      | Reached XP level 10. HP: 57/72 MP: 4/26
 10729 | D:4      | Killed a phantom
 10901 | D:3      | Killed North's ghost
 11430 | D:8      | Found a stormy altar of Qazlal.
 11457 | D:8      | Offered knowledge of Static Discharge by Vehumet.
 12063 | D:8      | Found an opulent altar of Gozag.
 12063 | D:8      | Found a glowing silver altar of Zin.
 12149 | D:8      | Acquired Vehumet's second power
 12152 | D:8      | Reached skill level 9 in Conjurations
 12304 | D:8      | Found Waog's Antique Weapon Emporium.
 12307 | D:8      | Bought a glowing lajatang for 345 gold pieces
 12309 | D:8      | Bought a glowing hunting sling for 34 gold pieces
 13106 | D:9      | Offered knowledge of Throw Icicle by Vehumet.
 13581 | D:9      | Reached skill level 10 in Conjurations
 13642 | D:9      | Found a staircase to the Lair.
 13672 | D:9      | Learned a level 4 spell: Throw Icicle
 14267 | D:9      | Noticed Psyche
 14271 | D:9      | Killed Psyche
 14442 | D:9      | Reached XP level 11. HP: 78/78 MP: 0/29
 14447 | D:9      | Reached skill level 10 in Spellcasting
 14800 | D:9      | Acquired Vehumet's third power
 14926 | D:9      | Offered knowledge of Iskenderun's Battlesphere by Vehumet.
 14933 | D:9      | Learned a level 5 spell: Iskenderun's Battlesphere
 15121 | Lair:1   | Entered Level 1 of the Lair of Beasts
 15318 | Lair:1   | Reached skill level 1 in Charms
 15400 | Lair:1   | Lost mutation: Scrolls take you a little longer to read. [potion of cure mutation]
 15400 | Lair:1   | Lost mutation: You are clumsy. (Dex -2) [potion of cure mutation]
 15400 | Lair:1   | Lost mutation: You can breathe flames. [potion of cure mutation]
 15501 | Lair:1   | Reached skill level 5 in Ice Magic
 16499 | Lair:2   | Found a labyrinth entrance.
 16542 | Lab      | Entered a labyrinth
 17587 | Lab      | Noticed a minotaur
 17599 | Lab      | Killed a minotaur
 17599 | Lab      | Reached skill level 5 in Fighting
 17627 | Lab      | Got a flickering lapis lazuli ring
 17627 | Lab      | Got a twitching pewter ring
 17628 | Lab      | Got a brightly glowing trident
 17629 | Lab      | Identified the cursed +0 trident of the Little People {drain, rElec rC+ Int+4} (You found it in a labyrinth)
 17666 | Lair:2   | Identified a +5 rod of ignition (11/11) (You found it in a labyrinth)
 17745 | Lair:2   | Identified the ring of Metawuon {+Blink rF+ rC+ Int+2} (You found it in a labyrinth)
 17747 | Lair:2   | Identified the ring of Mnewobie {rF+ Str+3} (You found it in a labyrinth)
 17807 | Lair:2   | Learned a level 4 spell: Iskenderun's Mystic Blast
 17965 | Lair:2   | Reached skill level 1 in Polearms
 19060 | Lair:3   | HP: 3/86 [river rat (2)]
 19608 | Lair:3   | Reached skill level 5 in Polearms
 19938 | Lair:3   | Noticed a catoblepas
 19944 | Lair:3   | Killed a catoblepas
 20055 | Lair:3   | Found a staircase to the Shoals.
 20661 | Lair:4   | Reached XP level 12. HP: 94/94 MP: 30/30
 21705 | Lair:4   | Offered knowledge of Olgreb's Toxic Radiance by Vehumet.
 21857 | Lair:4   | Reached skill level 5 in Dodging
 23388 | Lair:6   | Noticed a seven-headed hydra
 23459 | Lair:6   | Killed a seven-headed hydra
 23463 | Lair:6   | Found a hole to the Spider Nest.
 23469 | Lair:6   | Learned a level 4 spell: Olgreb's Toxic Radiance
 23470 | Lair:6   | Reached skill level 11 in Spellcasting
 23609 | Lair:6   | Noticed a seven-headed hydra
 23631 | Lair:6   | Reached skill level 1 in Poison Magic
 23871 | Lair:6   | Killed a seven-headed hydra
 24332 | Lair:6   | Found a staircase to the Slime Pits.
 25092 | Lair:7   | Reached XP level 13. HP: 94/100 MP: 32/32
 25276 | Lair:7   | Noticed a four-headed hydra
 25284 | Lair:7   | Killed a four-headed hydra
 25486 | Lair:7   | Noticed a seven-headed hydra
 25758 | Lair:7   | Reached skill level 10 in Polearms
 26076 | Lair:7   | Killed a seven-headed hydra
 26698 | Lair:8   | Entered Level 8 of the Lair of Beasts
 27404 | Lair:8   | Learned a level 1 spell: Animate Skeleton
 27423 | Lair:8   | Reached skill level 12 in Polearms
 27448 | Lair:8   | Offered knowledge of Bolt of Magma by Vehumet.
 27473 | Lair:8   | Learned a level 5 spell: Bolt of Magma
 27593 | Lair:8   | Reached skill level 1 in Necromancy
 27597 | Lair:8   | Reached skill level 1 in Evocations
 28691 | Lair:8   | Reached skill level 13 in Polearms
 29224 | Lair:8   | Reached XP level 14. HP: 50/107 MP: 4/33
 29589 | Lair:8   | Got a brightly glowing rapier
 29590 | Lair:8   | Identified the +7 rapier of Dried Tears {freeze, Dex+4} (You found it on level 8 of the Lair of Beasts)
 29880 | Lair:6   | Reached skill level 14 in Polearms
 30362 | D:6      | Bought a scroll of enchant armour for 75 gold pieces
 30459 | D:10     | Entered Level 10 of the Dungeon
 32014 | D:11     | Noticed Josephine
 32245 | D:11     | Killed Josephine
 32365 | D:11     | Offered knowledge of Lightning Bolt by Vehumet.
 32529 | D:11     | Found a radiant altar of Vehumet.
 32773 | D:11     | Found a shadowy altar of Dithmenos.
 33759 | D:11     | Found a staircase to the Orcish Mines.
 34397 | Orc:1    | Entered Level 1 of the Orcish Mines
 34447 | Orc:1    | Paralysed by an orc sorcerer for 4 turns
 34715 | Orc:1    | Offered knowledge of Conjure Ball Lightning by Vehumet.
 36226 | Orc:3    | Found Sudiwk's General Store.
 36259 | Orc:3    | Bought a +0 buckler for 72 gold pieces
 36356 | Orc:3    | Offered knowledge of Orb of Destruction by Vehumet.
 36654 | Orc:3    | Found a bloodstained altar of Trog.
 36973 | Orc:4    | Entered Level 4 of the Orcish Mines
 37063 | Orc:4    | Noticed Erolcha
 37068 | Orc:4    | Killed Erolcha
 37076 | Orc:4    | Found Crargh's Antique Weapon Boutique.
 37123 | Orc:3    | Learned a level 7 spell: Orb of Destruction
 37488 | Orc:4    | Noticed Erica
 37497 | Orc:4    | Killed Erica
 37534 | Orc:4    | Found Usaxkaots' Antique Armour Shop.
 37560 | Orc:4    | Bought a pair of runed gloves for 148 gold pieces
 37584 | Orc:4    | Noticed an orc warlord
 37594 | Orc:4    | Killed an orc warlord
 37760 | Orc:4    | Noticed Harold
 37768 | Orc:4    | Killed Harold
 38205 | Orc:4    | Your ally Erica died
 38308 | Orc:4    | Found Praac's Book Shop.
 38321 | Orc:4    | Found a staircase to the Elven Halls.
 38367 | Orc:4    | Found Fruiplui's General Store.
 38503 | Orc:4    | Reached XP level 15. HP: 110/124 MP: 32/35
 38651 | Orc:4    | Bought a book of Clouds for 675 gold pieces
 38651 | Orc:4    | Bought a book of Air for 525 gold pieces
 38710 | Orc:4    | Bought a faintly glowing long sword for 314 gold pieces
 38710 | Orc:4    | Bought an ancient great sword for 425 gold pieces
 38710 | Orc:4    | Identified the +6 long sword of Sudden Death {distort, Contam rC- Str+6 Int+2 Dex+3} (You bought it in a shop on level 4 of the Orcish Mines)
 38716 | Orc:4    | Identified the +5 great sword "Hyapsipa" {venom, rC+ Int+2 Dex+3} (You bought it in a shop on level 4 of the Orcish Mines)
 38735 | Orc:3    | Gained mutation: You are dopey. (Int -2) [mutagenic glow]
 38790 | Orc:1    | Gained mutation: Your body is misshapen. [mutagenic glow]
 38830 | D:11     | Gained mutation: Potions and wands are less effective at restoring your health. [mutagenic glow]
 38906 | Lair:1   | Gained mutation: Your magical capacity is low (-10% MP). [mutagenic glow]
 39290 | D:11     | Reached skill level 1 in Shields
 39594 | D:12     | Offered knowledge of Bolt of Cold by Vehumet.
 39615 | D:12     | HP: 3/124 [troll (6)]
 39616 | D:12     | Slain by a tengu warrior

Action                   |  1- 3 |  4- 6 |  7- 9 | 10-12 | 13-15 || total
-------------------------+-------+-------+-------+-------+-------++-------
Melee: Unarmed           |    10 |       |       |       |       ||    10
       Whip              |     2 |       |       |       |       ||     2
       Spear             |     2 |    15 |       |       |       ||    17
       Flail             |       |     1 |    23 |       |       ||    24
       Short sword       |       |       |    16 |    27 |       ||    43
       Glaive            |       |       |       |     7 |       ||     7
       Trident           |       |       |       |    58 |    53 ||   111
       Dagger            |       |       |       |    11 |       ||    11
       Demon trident     |       |       |       |   140 |   663 ||   803
Throw: Stone             |       |     2 |     2 |       |       ||     4
       Tomahawk          |       |       |     3 |     8 |       ||    11
       Javelin           |       |       |       |     4 |    22 ||    26
 Cast: Flame Tongue      |    76 |   100 |   137 |       |       ||   313
       Throw Flame       |       |     7 |    89 |    37 |       ||   133
       Sticky Flame      |       |     4 |    12 |    59 |    92 ||   167
       Conjure Flame     |       |     3 |    15 |    42 |    37 ||    97
       Stone Arrow       |       |       |    17 |   150 |       ||   167
       Fireball          |       |       |     6 |    29 |    81 ||   116
       Throw Icicle      |       |       |       |    60 |       ||    60
       Iskenderun's Myst |       |       |       |    67 |   105 ||   172
       Iskenderun's Batt |       |       |       |    17 |    54 ||    71
       Animate Skeleton  |       |       |       |       |   181 ||   181
       Bolt of Magma     |       |       |       |       |    85 ||    85
 Abil: Breathe Frost     |       |       |     3 |       |       ||     3
Evoke: Disc of storms    |       |       |       |     4 |       ||     4
       Wand              |       |       |       |     1 |       ||     1
  Use: Scroll            |     8 |       |     7 |    27 |     4 ||    46
       Potion            |     3 |     4 |     1 |     4 |     4 ||    16
 Stab: Distracted        |       |       |       |     1 |     5 ||     6
       Sleeping          |       |       |       |       |     5 ||     5
  Eat: Chunk             |     7 |     9 |    17 |    40 |    45 ||   118
       Beef jerky        |       |     1 |     1 |     4 |       ||     6
       Fruit             |       |       |     2 |     6 |    27 ||    35
       Pizza             |       |       |       |     3 |     1 ||     4
